 Dungeon Crawl Stone Soup version 0.30.1-11-g7821555f0a (webtiles) character file.

Game seed: 10006229646672114735

2513 Peloso the Carver (level 9, 0/78 HPs)
             Began as a Minotaur Fighter on Dec 23, 2023.
             Was a Believer of Okawaru.
             Slain by a hornet (3 damage)
             ... while paralysed by a hornet
             ... on level 7 of the Dungeon.
             The game lasted 00:13:36 (5865 turns).

Peloso the Carver (Minotaur Fighter)                Turns: 5865, Time: 00:13:37

Health: 0/78       AC: 15    Str: 22    XL:     9   Next: 29%
Magic:  9/9        EV:  2    Int:  5    God:    Okawaru [**....]
Gold:   210        SH:  0    Dex: 13    Spells: 8/8 levels left

rFire   . . .        a - +2 scimitar
rCold   + . .        d - +0 buckler
rNeg    . . .        C - +0 plate armour
rPois   .            (helmet restricted)
rElec   .            (no cloak)
rCorr   .            y - +0 pair of gloves
SInv    .            (no boots)
Will    .....        x - amulet of reflection Stlth
                     v - ring of protection from cold
HPRegen 0.33/turn    (no ring)
MPRegen 0.11/turn

%: reflection
@: paralysed, lethally poisoned (0 -> -3), slowed
A: horns 2, retaliatory headbutt
a: Renounce Religion, Heroism


You were on level 7 of the Dungeon.
You worshipped Okawaru.
Okawaru was pleased with you.
You visited 2 branches of the dungeon, and saw 8 of its levels.

You collected 375 gold pieces.
You spent 165 gold pieces at shops.

Inventory:

Hand Weapons
 a - a +2 scimitar (weapon)
 c - a +2 dagger of flaming
Armour
 b - a +0 scale mail
 d - a +0 buckler (worn)
 m - a +0 chain mail
 y - a +0 pair of gloves (worn)
 C - a +0 plate armour (worn)
Jewellery
 p - an amulet of guardian spirit
 q - a +6 ring of intelligence
 v - a ring of protection from cold (left hand)
 w - a ring of willpower
 x - an amulet of reflection (around neck)
Wands
 o - a wand of mindburst (17)
 u - a wand of iceblast (8)
Scrolls
 g - 2 scrolls of magic mapping
 h - 4 scrolls of teleportation
 i - a scroll of enchant weapon
 l - 2 scrolls of poison
 n - a scroll of butterflies
 r - 2 scrolls of enchant armour
 z - 2 scrolls of vulnerability {unknown}
 D - a scroll of silence
 E - a scroll of acquirement
Potions
 e - 3 potions of mutation
 f - 4 potions of heal wounds
 j - 4 potions of magic
 k - a potion of might
 s - a potion of haste
 t - a potion of curing
 A - 2 potions of attraction {unknown}
 B - a potion of lignification {unknown}
 F - a potion of degeneration {unknown}


   Skills:
 + Level 6.6 Fighting
 + Level 9.9 Long Blades
 + Level 8.8 Armour
 + Level 2.3 Dodging
 + Level 0.2 Stealth
 + Level 5.9 Shields
 + Level 1.8 Invocations
 + Level 0.4 Evocations


You had 8 spell levels left.
You didn't know any spells.
Your spell library contained the following spells:

 Spells                   Type           Power      Damage    Failure   Level
 Inner Flame              Hex/Fire       0%         N/A       100%        3
 Yara's Violent Unravell  Hex/Tmut       0%         3d3       100%        5
 Enfeeble                 Hex            0%         N/A       100%        7


Dungeon Overview and Level Annotations

Branches:
Dungeon (7/15)             Temple (1/1) D:4

Altars:
Ashenzari
Dithmenos
Elyvilon
Gozag
Hepliaklqana
Kikubaaqudgha
Okawaru
Qazlal
Ru
Sif Muna
Vehumet
Wu Jian
Xom
Zin
The Shining One

Shops:
D:2 *   D:3 *((?   D:4 [


Innate Abilities, Weirdness & Mutations

You have a pair of horns on your head.
You reflexively headbutt those who attack you in melee.


Message History

The orc throws a stone.
The stone barely misses you. The orc hits you but does no damage.
Items here: ! $ ( ))) ? [[ ††.
You slash the orc!
You kill the orc!
Okawaru accepts your kill.
t - a potion of curing
Items here: ( ) / [.
Items here: ( ) / [.
z - 2 scrolls labelled SAGHOO TUSUTYT;
j - 4 potions of magic (gained 1)
You now have 192 gold pieces (gained 25).
Items here: ( ))) [[ ††.
F - a blue potion You now have 210 gold pieces (gained 18).
Things that are here:
a +0 quarterstaff; a +0 chain mail; an orc corpse
Items here: ( ))) [[ ††.
Okay, then.
Items here: ( ) / [.
Okay, then.
A hornet comes into view.
A hornet is nearby!
A hornet is nearby!
A hornet is nearby!
The hornet buzzes angrily.
You closely miss the hornet. You headbutt the hornet!
The hornet is moderately wounded.
The hornet stings you!
* * * LOW HITPOINT WARNING * * *
You feel yourself slow down. The hornet stings you.
* * * LOW HITPOINT WARNING * * *
You are poisoned.
You suddenly lose the ability to move!
You feel yourself speed up.
You feel sick.
The hornet stings you but does no damage.
You feel sick. The hornet stings you!
* * * LOW HITPOINT WARNING * * *
You feel yourself slow down. The hornet stings you.
You die...

##+# #... #.# #... .#
###.### ##.# .. #>....#
#.# #.####.....# #.#
....##.....# #.# ##
#.#.##.....# #.#
##..##.#y##.#.#.#######.#
.......#@##.............#
.....<..)))..##.#########
###.####.##.....#
...######## #####


You could see a hornet.

Vanquished Creatures
  Prince Ribbit (D:4)
  A wyvern (D:6)
  Menkaure (D:6)
  3 water moccasins
  2 orc warriors
  2 ice beasts
  3 ogres
  A phantom (D:5)
  A centaur (D:6)
  A kobold brigand (D:4)
  A bullfrog (D:6)
  4 wights (D:6)
  3 orc priests
  A gnoll bouda (D:5)
  A hound (D:5)
  A jelly (D:6)
  A sleepcap (D:3)
  4 iguanas
  2 orc wizards
  5 gnolls
  7 adders
  A white imp (D:5)
  3 dart slugs
  25 orcs
  9 ball pythons
  5 bats
  A bat zombie (D:6)
  5 endoplasms
  4 giant cockroaches
  10 goblins
  10 hobgoblins
  2 jackals (D:3)
  29 kobolds
  5 quokkas
  2 frilled lizards (D:2)
  7 rats
  3 rat zombies (D:6)
167 creatures vanquished.

Notes
Turn   | Place    | Note
-------+----------+-------------------------------------------
     0 | D:1      | Peloso the Minotaur Fighter began the quest for the Orb.
     0 | D:1      | Reached XP level 1. HP: 19/19 MP: 0/0
   120 | D:1      | Reached XP level 2. HP: 16/27 MP: 1/1
   387 | D:1      | Reached skill level 3 in Long Blades
   451 | D:1      | Reached XP level 3. HP: 33/33 MP: 2/2
   694 | D:2      | Reached skill level 1 in Dodging
   762 | D:2      | Reached XP level 4. HP: 38/40 MP: 3/3
   905 | D:2      | Found Kywiz's General Store.
   914 | D:2      | Bought a potion of mutation for 104 gold pieces
  1032 | D:2      | Reached skill level 4 in Long Blades
  1510 | D:3      | Found Wapty's Magic Scroll Shop.
  1515 | D:3      | Bought a scroll of identify for 20 gold pieces
  1540 | D:3      | Found Faesh's Antique Weapon Boutique.
  1568 | D:3      | You fall into a shaft and drop 1 floor!
  1570 | D:4      | Found a staircase to the Ecumenical Temple.
  1580 | Temple   | Entered the Ecumenical Temple
  1614 | Temple   | Became a worshipper of Warmaster Okawaru
  1749 | D:3      | Found Bewe's Weapon Shop.
  1840 | D:3      | Reached XP level 5. HP: 22/46 MP: 4/4
  2034 | D:3      | Found Reuz Xuc's Assorted Antiques.
  2053 | D:3      | Bought a scroll labelled AKESIOSATH for 22 gold pieces
  2053 | D:3      | Bought a dark potion for 19 gold pieces
  2133 | D:3      | Found an ornate altar of the Wu Jian Council.
  2523 | D:4      | Reached skill level 5 in Long Blades
  2523 | D:4      | Reached skill level 5 in Armour
  2523 | D:4      | Reached XP level 6. HP: 37/53 MP: 5/5
  2852 | D:4      | Noticed a water moccasin
  2863 | D:4      | Killed a water moccasin
  2863 | D:4      | Reached * piety under Okawaru
  3117 | D:4      | Found Odof Wul's Armour Shop.
  3353 | D:5      | Entered Level 5 of the Dungeon
  3371 | D:5      | Noticed Prince Ribbit
  3404 | D:4      | Reached skill level 6 in Long Blades
  3619 | D:4      | Killed Prince Ribbit
  3620 | D:4      | Reached XP level 7. HP: 14/60 MP: 3/6
  4070 | D:5      | Found a white marble altar of Elyvilon.
  4072 | D:5      | Found a hazy altar of Hepliaklqana.
  4098 | D:5      | Reached skill level 5 in Fighting
  4394 | D:5      | Found a shimmering altar of Xom.
  4396 | D:5      | Found a glowing golden altar of the Shining One.
  4447 | D:6      | Noticed a wyvern
  4452 | D:6      | Noticed Menkaure
  4460 | D:6      | Killed a wyvern
  4460 | D:6      | Reached ** piety under Okawaru
  4461 | D:6      | Reached skill level 7 in Long Blades
  4463 | D:6      | Killed Menkaure
  4464 | D:6      | Reached XP level 8. HP: 31/68 MP: 7/7
  4693 | D:6      | Reached skill level 5 in Shields
  4805 | D:6      | Reached skill level 8 in Long Blades
  5203 | D:6      | Reached skill level 9 in Long Blades
  5260 | D:6      | Reached XP level 9. HP: 69/75 MP: 6/8
  5322 | D:6      | Found an ancient bone altar of Kikubaaqudgha.
  5471 | D:6      | Identified a scroll of acquirement
  5826 | D:7      | Reached skill level 1 in Invocations
  5863 | D:7      | Paralysed by a hornet for 3 turns
  5865 | D:7      | HP: 3/78 [hornet (7)]
  5865 | D:7      | Slain by a hornet

Illustrated notes

Levels and vault maps discovered:
D:1:      dpeg_arrival_prison, layout_rooms, st_stairs_8
D:2:      layout_loops_ring, serial_shops, shop
D:3:      layout_loops_cross, nzn_wu_jian_contemplation, serial_shops, shop,
          nicolae_shop_bloodbath_and_beyond, shop, shop
D:4:      kennysheep_kobold_camp, layout_cave_pools, minmay_temple_entry_glass,
          serial_shops, kennysheep_mini_moat, item_on_display_a
D:5:      layout_cave_pools, nicolae_overflow_hidden_temple, uniq_prince_ribbit1
D:6:      layout_rooms, lemuel_zombie_altar_kikubaaqudgha, uniq_menkaure
D:7:      layout_loops_corners, grunt_potential, uniq_crazy_yiuf_cottage
Temple:   nicolae_temple_superstar

Skill      XL: |  1  2  3  4  5  6  7  8  9 |
---------------+----------------------------+-----
Shields        | 4 5 |  5.9
Long Blades    | 3 4 5 6 7 9 |  9.9
Fighting       | 4 5 6 |  6.6
Armour         | 4 5 6 7 8 |  8.8
Dodging        | 1 2 |  2.3
Invocations    | 1 |  1.8
Stealth        | |  0.2
Evocations     | |  0.4

Action                     |  1- 3 |  4- 6 |  7- 9 || total
---------------------------+-------+-------+-------++-------
  Melee: Long sword        |    88 |   218 |   158 ||   464
         Headbutt          |    10 |    37 |    51 ||    98
         Scimitar          |       |       |    58 ||    58
 Invoke: Heroism           |       |     1 |     5 ||     6
  Evoke: Wand              |       |     2 |       ||     2
    Use: Scroll            |       |    10 |     2 ||    12
         Potion            |       |     6 |     1 ||     7
 Armour: Scale mail        |    46 |    22 |       ||    68
         Chain mail        |       |   105 |    33 ||   138
         Plate armour      |       |       |    45 ||    45
  Dodge: Dodged            |    61 |   101 |    38 ||   200
  Block: Buckler           |    20 |    69 |    85 ||   174
         Reflection        |       |       |     4 ||     4
